 Dungeon Crawl Stone Soup version 0.31-a0-40-g1d5085d191 (webtiles) character file.

Game seed: 3229414339804865305

18421 mandoloar the Severer (level 12, -4/122 HPs)
             Began as a Hill Orc Fighter on May 14, 2023.
             Was a Priest of the Shining One.
             Slain by an eight-headed hydra (13 damage)
             ... on level 3 of the Lair of Beasts on May 17, 2023.
             The game lasted 00:45:57 (20220 turns).

mandoloar the Severer (Hill Orc Fighter)           Turns: 20220, Time: 00:45:58

Health: -4/122     AC: 14    Str: 24    XL:     12   Next: 58%
Magic:  16/16      EV:  6    Int:  8    God:    the Shining One [***...]
Gold:   486        SH:  6    Dex: 10    Spells: 11/11 levels left

rFire   . . .        b - +2 flail (venom)
rCold   + . .        c - +1 buckler
rNeg    + . .        H - +0 plate armour
rPois   +            l - +0 helmet
rElec   .            O - scarf {harm}
rCorr   .            (no gloves)
SInv    .            (no boots)
Will    .....        P - amulet of regeneration Stlth
                     n - ring of protection from cold
HPRegen 1.20/turn    J - ring of poison resistance
MPRegen 0.15/turn

%: harm (+30% outgoing, +20% incoming)
@: glowing
A: no striking features
a: Renounce Religion, Divine Shield, Cleansing Flame


You were on level 3 of the Lair of Beasts.
You worshipped the Shining One.
The Shining One was most pleased with you.
You visited 3 branches of the dungeon, and saw 15 of its levels.
You also visited: Bailey.

You collected 898 gold pieces.
You spent 412 gold pieces at shops.

Inventory:

Hand Weapons
 a - a +1 war axe of freezing
 b - a +2 flail of venom (weapon)
Missiles
 j - 15 boomerangs
 k - a silver boomerang
 q - a throwing net
Armour
 c - a +1 buckler (worn)
 f - a +1 cloak
 l - a +0 helmet (worn)
 E - a +0 tower shield
 H - a +0 plate armour (worn)
 O - a scarf of harm (worn)
Jewellery
 n - a ring of protection from cold (left hand)
 J - a ring of poison resistance (right hand)
 K - a ring of resist corrosion
 M - a ring of flight
 P - an amulet of regeneration (around neck)
Wands
 w - a wand of digging (5)
 x - a wand of polymorph (13)
 y - a wand of mindburst (13) (quivered)
 F - a wand of acid (4)
 I - a wand of iceblast (6)
 N - a wand of flame (8)
Scrolls
 i - 3 scrolls of identify
 m - 4 scrolls of teleportation
 p - a scroll of fog
 s - a scroll of fear
 Q - a scroll of summoning
Potions
 d - a potion of might
 e - a potion of cancellation
 g - 2 potions of lignification
 h - 9 potions of curing
 o - 2 potions of resistance
 r - 3 potions of invisibility
 t - 2 potions of brilliance
 u - 3 potions of ambrosia
 v - 3 potions of attraction
 z - a potion of heal wounds
 A - 2 potions of haste
 B - 2 potions of magic
 C - a potion of flight
 D - 5 potions of mutation
 G - a potion of berserk rage


   Skills:
 + Level 15.9 Fighting
 + Level 17.0 Axes
 + Level 6.1 Armour
 + Level 6.2 Shields
 + Level 5.8 Invocations


You had 11 spell levels left.
You didn't know any spells.
Your spell library contained the following spells:

 Spells                   Type           Power      Damage    Failure   Level
 Hailstorm                Conj/Ice       0%         3d3       100%        3
 Inner Flame              Hex/Fire       0%         N/A       100%        3
 Ice Form                 Ice/Tmut       0%         N/A       100%        4
 Yara's Violent Unravell  Hex/Tmut       0%         3d3       100%        5
 Simulacrum               Ice/Necr       0%         N/A       100%        6
 Enfeeble                 Hex            0%         N/A       100%        7


Dungeon Overview and Level Annotations

Branches:
Dungeon (11/15)            Temple (1/1) D:5            Lair (3/5) D:9
  Swamp (0/4) Lair:3        Snake (0/4) Lair:2          Orc (0/2) D:9
 Bailey (visited)

Altars:
Ashenzari
Cheibriados
Dithmenos
Elyvilon
Fedhas
Gozag
Hepliaklqana
Kikubaaqudgha
Makhleb
Nemelex Xobeh
Okawaru
Qazlal
Ru
Sif Muna
Trog
Uskayaw
Vehumet
Wu Jian
Xom
Yredelemnul
Zin
The Shining One

Shops:
D:4 =   D:8 :(

Annotations:
D:8 exclusion: oklob plant


Message History

The eight-headed hydra closely misses you.
You block the eight-headed hydra's attack.
You bludgeon the eight-headed hydra!!
The eight-headed hydra is severely wounded.
The eight-headed hydra bites you.
The eight-headed hydra bites you but does no damage. x2
The eight-headed hydra barely misses you.
The eight-headed hydra bites you. x2
The eight-headed hydra bites you but does no damage. x2
You hit the eight-headed hydra.
The eight-headed hydra is severely wounded.
The eight-headed hydra bites you!
The eight-headed hydra bites you but does no damage.
You block the eight-headed hydra's attack.
The eight-headed hydra bites you but does no damage.
The eight-headed hydra bites you.
The eight-headed hydra bites you but does no damage. x2
The eight-headed hydra bites you!
* * * LOW HITPOINT WARNING * * *
You hit the eight-headed hydra.
The eight-headed hydra is almost dead.
The eight-headed hydra bites you but does no damage.
The eight-headed hydra bites you!
* * * LOW HITPOINT WARNING * * *
The eight-headed hydra bites you but does no damage.
The eight-headed hydra completely misses you.
The eight-headed hydra bites you.
* * * LOW HITPOINT WARNING * * *
The eight-headed hydra bites you but does no damage. x2
The eight-headed hydra closely misses you.
You hit the eight-headed hydra but do no damage.
The eight-headed hydra is almost dead.
The eight-headed hydra bites you!
* * * LOW HITPOINT WARNING * * *
The eight-headed hydra bites you but does no damage.
The eight-headed hydra bites you.
* * * LOW HITPOINT WARNING * * *
The eight-headed hydra closely misses you.
The eight-headed hydra bites you!
You die...

...................#
...[...............##
...................P#
..........#####.#...#
.... ..........#
##....## .....
......#####. ###....P###
..... .....##
....#..#....#.#####.....
......#
.....................#..
......#
.......@..............#
.....#.#
........D............##
.....###
.....................P##
......#
.....##.....####.......#
.....####....#
#......####.......
.....##.#....
#.....#....#.....#
............
##.#.............#
..........#
####........##.##
.........# #.......#####


You could see an eight-headed hydra.

Vanquished Creatures
  A two-headed ogre (D:9)
  3 death yaks
  A bog body (Lair:3)
  Psyche (D:8)
  2 rime drakes
  4 cane toads
  3 komodo dragons
  A troll (D:10)
  2 hornets
  A shadow (D:9)
  33 yaks
  A human (D:9)
  A basilisk (Lair:1)
  3 wyverns
  Menkaure (D:4)
  A warg (D:9)
  An acid dragon (D:9)
  4 water moccasins
  3 nagas (Lair:2)
  A black bear (D:7)
  A sky beast (D:6)
  4 orc warriors
  13 wolves
  4 centaurs
  2 kobold brigands
  A phantom (D:7)
  Blork the orc (D:5)
  7 bullfrogs
  3 scorpions
  5 wights (D:6)
  21 killer bees
  3 howler monkeys
  6 hounds
  3 gnoll boudas
  7 orc priests
  6 jellies
  Ijyb (D:5)
  3 iguanas
  4 orc wizards
  9 hell rats
  15 gnolls
  10 adders
  2 river rats
  2 shadow imps
  A white imp (D:8)
  An ufetubus (D:4)
  3 worms
  45 orcs
  10 ball pythons
  10 endoplasms
  4 giant cockroaches
  6 hobgoblins
  16 jackals
  19 kobolds
  5 quokkas
  7 bats
  6 frilled lizards
  9 goblins
  9 rats
352 creatures vanquished.

Notes
Turn   | Place    | Note
-------+----------+-------------------------------------------
     0 | D:1      | mandoloar the Hill Orc Fighter began the quest for the Orb.
     0 | D:1      | Reached XP level 1. HP: 19/19 MP: 1/1
    94 | D:1      | Reached XP level 2. HP: 27/27 MP: 2/2
    97 | D:1      | Reached skill level 3 in Axes
   459 | D:1      | Reached XP level 3. HP: 33/33 MP: 3/3
  1758 | D:2      | Reached skill level 4 in Axes
  1758 | D:2      | Reached XP level 4. HP: 32/41 MP: 4/4
  1985 | D:2      | Identified the +3 leather armour "Paitich" {rC+ Dex+5}
  2530 | D:3      | Found a sacrificial altar of Ru.
  2870 | D:3      | Reached skill level 5 in Fighting
  3310 | D:4      | Found an opulent altar of Gozag.
  3428 | D:4      | Noticed a scorpion
  3436 | D:4      | Reached XP level 5. HP: 47/48 MP: 5/5
  3449 | D:4      | Reached skill level 5 in Axes
  3776 | D:4      | Found Zesmet's Jewellery Shoppe.
  3805 | D:4      | Reached XP level 6. HP: 49/57 MP: 6/6
  4409 | D:4      | Reached skill level 6 in Axes
  4446 | D:4      | Noticed a +0 dagger
  4446 | D:4      | Noticed a +0 falchion
  4446 | D:4      | Noticed a +0 short sword
  4447 | D:4      | Noticed a +0 falchion
  4447 | D:4      | Noticed a +0 spear
  4447 | D:4      | Noticed a +0 short sword
  4447 | D:4      | Noticed a +0 spear
  4447 | D:4      | Noticed a +0 dagger
  4449 | D:4      | Found a hide-covered altar of Uskayaw.
  4676 | D:5      | Entered Level 5 of the Dungeon
  5178 | D:5      | Noticed Ijyb
  5189 | D:5      | Killed Ijyb
  5190 | D:5      | Reached XP level 7. HP: 64/64 MP: 7/7
  5300 | D:5      | Reached skill level 7 in Axes
  5313 | D:5      | Found a sand-covered staircase.
  5346 | D:5      | Noticed Blork the orc
  5354 | D:5      | Killed Blork the orc
  5513 | D:5      | Noticed Menkaure
  5557 | D:4      | Killed Menkaure
  5558 | D:4      | Reached skill level 8 in Axes
  5968 | D:5      | Found a staircase to the Ecumenical Temple.
  5974 | Temple   | Entered the Ecumenical Temple
  6041 | Temple   | Became a worshipper of the Shining One
  6153 | D:5      | Reached XP level 8. HP: 65/74 MP: 8/8
  6326 | D:5      | Found a snail-covered altar of Cheibriados.
  6641 | D:5      | Found an iron altar of Okawaru.
  6745 | D:6      | Found a white marble altar of Elyvilon.
  6854 | D:6      | Found a stormy altar of Qazlal.
  7338 | D:6      | Reached skill level 9 in Axes
  7953 | D:6      | Reached skill level 10 in Axes
  7967 | D:6      | HP: 3/74 [wight/+2 spear (1)]
  7970 | D:6      | Reached XP level 9. HP: 4/82 MP: 9/9
  8551 | D:7      | Reached * piety under the Shining One
  8552 | D:7      | Reached skill level 10 in Fighting
  9002 | D:7      | Found a bloodstained altar of Trog.
  9094 | D:7      | Reached skill level 11 in Axes
  9221 | D:8      | Found Zamal's Weapon Shop.
  9283 | D:8      | Found Mere Bai's Vocational Training.
  9810 | D:8      | Found a flagged portal.
  9816 | Bailey   | Entered a bailey
  9841 | Bailey   | Reached skill level 12 in Axes
 10860 | D:8      | Found a blossoming altar of Fedhas.
 10875 | D:8      | Noticed an oklob plant
 10982 | D:9      | Noticed a death yak
 10982 | D:9      | Noticed a death yak
 10982 | D:9      | Found a staircase to the Lair.
 10985 | D:9      | Noticed a death yak
 11358 | D:8      | Killed a death yak
 11359 | D:8      | Reached XP level 10. HP: 39/97 MP: 10/10
 11658 | D:9      | Found an ancient bone altar of Kikubaaqudgha.
 11710 | D:9      | Reached skill level 13 in Axes
 11745 | D:9      | Reached ** piety under the Shining One
 11763 | D:9      | HP: 3/99 [orc priest/divine providence (14)]
 11992 | D:9      | Killed a death yak
 12222 | D:9      | Paralysed by a hornet for 1 turns
 12225 | D:9      | Paralysed by a hornet for 3 turns
 12602 | D:9      | Noticed a two-headed ogre
 12610 | D:9      | Killed a two-headed ogre
 12611 | D:9      | Reached skill level 14 in Axes
 12824 | D:9      | Found a staircase to the Orcish Mines.
 12881 | D:9      | Noticed Psyche
 13306 | D:8      | Killed Psyche
 13563 | D:9      | Reached XP level 11. HP: 106/110 MP: 11/11
 13571 | D:9      | Reached skill level 15 in Axes
 14236 | D:10     | Entered Level 10 of the Dungeon
 14598 | D:10     | Noticed a fire crab
 14707 | D:10     | Reached skill level 15 in Fighting
 14707 | D:10     | Reached skill level 16 in Axes
 15373 | D:10     | Found a shimmering altar of Xom.
 15518 | Lair:1   | Entered Level 1 of the Lair of Beasts
 15549 | Lair:1   | Reached skill level 1 in Invocations
 15594 | D:8      | Killed a death yak
 16348 | Lair:1   | Reached *** piety under the Shining One
 16975 | D:4      | Bought a ring of poison resistance for 220 gold pieces
 16975 | D:4      | Bought a ring of flight for 192 gold pieces
 17172 | Lair:1   | Reached XP level 12. HP: 101/121 MP: 14/14
 17689 | Lair:1   | Upgraded the game from 0.31-a0-37-g98a128e1d9 to
                  | 0.31-a0-40-g1d5085d191
 17895 | Lair:2   | Reached skill level 5 in Shields
 18078 | Lair:2   | Reached skill level 5 in Armour
 18115 | Lair:2   | Found a staircase to the Snake Pit.
 19568 | Lair:3   | Reached skill level 5 in Invocations
 19796 | Lair:3   | Found a staircase to the Swamp.
 19929 | Lair:3   | Reached skill level 17 in Axes
 20194 | Lair:3   | Noticed an eight-headed hydra
 20220 | Lair:3   | Slain by an eight-headed hydra

Illustrated notes

Levels and vault maps discovered:
D:1:      wander_arrival_peaceful_grave, layout_loops_corners,
          minmay_pentomino_o2
D:2:      layout_basic
D:3:      layout_basic, lemuel_crystal_altar
D:4:      layout_rooms, nicolae_uskayaw_en_pointe, general_overflow_altar,
          serial_bayou, serial_bayou_lagoon_a, serial_bayou_pond_c,
          serial_bayou_pond_a, serial_shops, shop
D:5:      layout_cave_pods, chei_slow_surprise, kennysheep_mini_moat,
          minmay_temple_entry_enclosed_plants, nicolae_ossuary_entry_monument,
          uniq_blork_the_orc, uniq_menkaure, uniq_ijyb
D:6:      layout_basic, nicolae_qazlal_general_emergency,
          mainiacjoe_overflow_tiny_flanked
D:7:      layout_rooms, trog_book
D:8:      layout_cave_pools, tgw_fedhas, enter_bailey_3, serial_shops,
          nicolae_shop_advertising_works [nicolae_subvault_shop_adworks],
          nicolae_shop_vocational
D:9:      layout_grid_maze, amcnicky_altar_gilded, dpeg_lair_monsters,
          erik_orc_4, uniq_psyche
D:10:     layout_loops_corners, dk_xom_monty_hall,
          hangedman_abyss_or_decor_lesser_grid, onia_ninara_dug_in_and_dangerous
D:11:     layout_rooms, serial_bayou, serial_bayou_ford_a, serial_bayou_pond_e,
          serial_bayou_lagoon_b, serial_bayou_shore_a
Temple:   jpeg_temple_clearing
Lair:1:   layout_gridlike, grunt_megastairs_5
Lair:2:   layout_hall_layers, minmay_snake_entry_guardpost_small,
          lemuel_fruit_tree, infiniplex_staircase_pool_2
Lair:3:   layout_cellular_growth, skrybe_swamp_entry_bodies, serial_rivers,
          chequers_serial_rivers_room_b, chequers_serial_rivers_small_3,
          chequers_serial_rivers_room_b, chequers_serial_rivers_room_b,
          chequers_serial_rivers_micro_c, chequers_serial_rivers_micro_c,
          gauntlet_entry_generic

Skill      XL: |  1  2  3  4  5  6  7  8  9 10 11 12 |
---------------+-------------------------------------+-----
Axes           | 3 4 5 6 8 10 12 14 16 17 | 17.0
Fighting       | 4 5 6 8 9 12 14 15 | 15.9
Invocations    | 3 5 |  5.8
Shields        | 4 6 |  6.2
Armour         | 4 6 |  6.1

Action                     |  1- 3 |  4- 6 |  7- 9 | 10-12 || total
---------------------------+-------+-------+-------+-------++-------
  Melee: War axe           |   118 |   222 |   292 |   389 ||  1021
         Unarmed           |       |       |       |     9 ||     9
         Flail             |       |       |       |     7 ||     7
  Throw: Stone             |       |     2 |       |       ||     2
 Invoke: Divine Shield     |       |       |       |     1 ||     1
  Evoke: Wand              |       |       |     4 |    25 ||    29
    Use: Scroll            |     4 |     4 |    11 |     9 ||    28
         Potion            |       |       |       |     2 ||     2
 Armour: Scale mail        |    68 |    95 |    84 |       ||   247
         Skin              |       |    10 |       |     1 ||    11
         Plate armour      |       |       |    26 |   170 ||   196
  Dodge: Dodged            |    56 |    96 |   177 |   125 ||   454
  Block: Buckler           |    27 |    39 |    65 |    73 ||   204

Table legend: (Time is in decaauts)
 A = Elapsed time spent in this place.
 B = Non-inter-level travel time spent in this place.
 C = Inter-level travel time spent in this place.
 D = Time resting spent in this place.
 E = Time spent auto-exploring this place.
 F = Levels seen in this place.
 G = Mean time per level.
                   A        B        C        D        E       F      G
               +--------+--------+--------+--------+--------+-----+--------+
         Total |  20309 |  18435 |   1874 |   7392 |   8318 |  16 | 1269.3 |
       Dungeon |  16073 |  14518 |   1555 |   5751 |   6664 |  11 | 1461.2 |
        Temple |    132 |    115 |     17 |      0 |     97 |   1 |  132.0 |
          Lair |   3682 |   3381 |    301 |   1366 |   1528 |   3 | 1227.3 |
        Bailey |    421 |    421 |      0 |    275 |     28 |   1 |  421.0 |
               +--------+--------+--------+--------+--------+-----+--------+

Top non-repeatable levels by time:
     D:8: 3286 daAuts
     D:4: 1906 daAuts
     D:9: 1887 daAuts
     D:6: 1749 daAuts
  Lair:2: 1665 daAuts
     D:5: 1393 daAuts
  Lair:1: 1308 daAuts
     D:2: 1245 daAuts
     D:1: 1220 daAuts
     D:3: 1197 daAuts
    D:10: 1195 daAuts
     D:7: 989 daAuts
  Lair:3: 708 daAuts
  Bailey: 421 daAuts
  Temple: 132 daAuts
